 Dungeon Crawl Stone Soup version 0.23.2-1-ga50397a (webtiles) character file.

Game seed: 7680459321343495583

436 wilfster70 the Gusty (level 6, -7/45 HPs)
             Began as a Draconian Air Elementalist on May 3, 2019.
             Was an Initiate of Okawaru.
             Killed by nerve-wracking pain
             ... invoked by Grinder
              (11 damage)
             ... while paralysed by Grinder
             ... on level 6 of the Dungeon on May 6, 2019.
             The game lasted 00:19:50 (5687 turns).

wilfster70 the Gusty (Draconian Air Elementalist)   Turns: 5687, Time: 00:19:51

Health: -7/45      AC: 11    Str: 10    XL:     6   Next: 68%
Magic:  3/11       EV:  2    Int: 17    God:    Okawaru [......]
Gold:   195        SH:  0    Dex: 12    Spells: 6/12 levels left

rFire    . . .     SeeInvis .   a - +2 whip (venom)
rCold    . . .     Gourm    .   (no shield)
rNeg     . . .     Faith    .   (armour unavailable)
rPois    .         Spirit   .   (helmet restricted)
rElec    .         Reflect  .   r - +2 cloak
rCorr    .         Harm     .   (no gloves)
MR       .....                  m - +1 pair of boots
Stlth    ++........             (no amulet)
HPRegen  0.15/turn              (no ring)
MPRegen  0.12/turn              (no ring)

@: paralysed, very slightly contaminated
A: unfitting armour, cold-blooded, AC +6
a: Renounce Religion


You were on level 6 of the Dungeon.
You worshipped Okawaru.
Okawaru was noncommittal.
You were near starving.

You visited 1 branch of the dungeon, and saw 6 of its levels.

You collected 195 gold pieces.

Inventory:

Hand Weapons
 a - a +2 whip of venom (weapon)
Missiles
 c - 157 stones (quivered)
Armour
 m - a +1 pair of boots (worn)
 r - a +2 cloak (worn)
Jewellery
 k - an uncursed ring of ice
Wands
 u - a wand of polymorph (4)
Scrolls
 f - 3 scrolls of teleportation
 h - a scroll of vulnerability {unknown}
 i - 4 scrolls of remove curse
 j - a scroll of identify
 l - a scroll of fear
Potions
 d - 2 potions of heal wounds
 e - 4 potions of curing
 g - 2 potions of magic
 n - 4 potions of lignification
 o - 2 potions of ambrosia
 p - a potion of haste {unknown}
 s - a potion of berserk rage {unknown}
 t - a potion of experience {unknown}
 v - 3 potions of flight
 z - 2 potions of mutation {unknown}
Comestibles
 b - 7 rations


   Skills:
 - Level 1.7 Dodging
 - Level 1.7 Stealth
 + Level 3.9 Spellcasting
 + Level 3.7 Conjurations
 + Level 4.8 Air Magic
 + Level 2.2 Invocations


You had 6 spell levels left.
You knew the following spells:

 Your Spells              Type           Power        Failure   Level  Hunger
a - Shock                 Conj/Air       ###.         2%          1    None
b - Airstrike             Air            ###.......   22%         4    ####...
c - Summon Small Mammal   Summ           #...         16%         1    None

Your spell library contained the following spells:

 Spells                   Type           Power        Failure   Level  Hunger
 Swiftness                Chrm/Air       ##......     9%          2    ##.....
 Static Discharge         Conj/Air       ###.....     9%          3    ###....
 Animate Skeleton         Necr           N/A          16%         1    None
 Apportation              Tloc           #.....       16%         1    None
 Confusing Touch          Hex            #.....       16%         1    None
 Corona                   Hex            #......      16%         1    None
 Dazzling Spray           Conj/Hex       #.....       22%         3    ###....
 Ensorcelled Hibernation  Hex/Ice        #.....       24%         2    ##.....
 Confuse                  Hex            #.......     43%         3    ###....
 Tukima's Dance           Hex            #.......     43%         3    ###....
 Lightning Bolt           Conj/Air       ###.......   58%         5    ######.


Dungeon Overview and Level Annotations

Branches:
Dungeon (6/15)
 Temple: D:4-7

Altars:
Okawaru

Annotations:
D:6 Grinder


Innate Abilities, Weirdness & Mutations

Your plain brown scales are hard. (AC +6)
You cannot fit into any form of body armour.
You are cold-blooded and may be slowed by cold attacks.


Message History

Confirm with . or Enter, or press ? or * to list all spells.
Aiming: Shock (safe; 2% risk of failure)
Press: ? - help, Shift-Dir - straight line, f/p - Grinder
Aim: Grinder (severely wounded)
The zap hits Grinder.
Grinder is almost dead.
Grinder hits you but does no damage.
Casting: Shock (safe; 2% risk of failure)
Confirm with . or Enter, or press ? or * to list all spells.
Aiming: Shock (safe; 2% risk of failure)
Press: ? - help, Shift-Dir - straight line, f/p - Grinder
Aim: Grinder (almost dead)
The zap misses Grinder.
Grinder gestures at you.
You suddenly lose the ability to move!
Grinder hits you.
* * * LOW HITPOINT WARNING * * *
Grinder gestures at you. Pain shoots through your body!
You die...

#.##...###...#..#....#
#.!....##.........####
#........####....##
###....##.########..##
.......<........###..#
..######.######......#
#....#####.....###
#.....#####.5..##.##
##... #@#####.# ...!
#.# #.. .## #.# ##5#
#..# .# ...## .# ...##
.# .(..# #... ..#


You could see Grinder.

Vanquished Creatures
  A phantom (D:4)
  A hound (D:4)
  An orc priest (D:3)
  5 worker ants
  Robin (D:3)
  3 gnolls (D:3)
  2 adders
  An ooze (D:1)
  A worm (D:2)
  2 leopard geckos
  12 orcs
  4 giant cockroaches
  6 hobgoblins
  14 jackals
  7 kobolds
  A quokka (D:3)
  2 ball pythons
  4 bats
  4 frilled lizards
  17 goblins
  A jackal skeleton (D:4)
  4 rats
94 creatures vanquished.

Notes
Turn   | Place    | Note
-------+----------+-------------------------------------------
     0 | D:1      | wilfster70 the Draconian Air Elementalist began the quest
                  | for the Orb.
     0 | D:1      | Reached XP level 1. HP: 14/14 MP: 3/3
   460 | D:1      | Reached XP level 2. HP: 19/20 MP: 3/5
  1460 | D:2      | Reached XP level 3. HP: 23/26 MP: 6/6
  2266 | D:3      | Reached XP level 4. HP: 8/33 MP: 1/8
  2785 | D:3      | Noticed Robin
  2840 | D:3      | Killed Robin
  3136 | D:3      | Reached skill level 4 in Air Magic
  3176 | D:3      | Found an iron altar of Okawaru.
  3266 | D:3      | Reached XP level 5. HP: 13/38 MP: 0/9
  3556 | D:3      | Became a worshipper of Warmaster Okawaru
  4169 | D:4      | Reached skill level 1 in Invocations
  4309 | D:4      | Noticed a phantom
  4357 | D:4      | Killed a phantom
  4357 | D:4      | Reached XP level 6. HP: 40/45 MP: 0/11
  4644 | D:4      | Learned a level 4 spell: Airstrike
  4997 | D:5      | Entered Level 5 of the Dungeon
  5225 | D:5      | Found an iron altar of Okawaru.
  5315 | D:5      | Learned a level 1 spell: Summon Small Mammal
  5655 | D:6      | Noticed Grinder
  5685 | D:6      | Paralysed by Grinder for 6 turns
  5687 | D:6      | Killed from afar by Grinder

Skill      XL: |  1  2  3  4  5  6 |
---------------+-------------------+-----
Conjurations   | 2 3 |  3.7
Spellcasting   | 3 |  3.9
Air Magic      | 4 |  4.8
Invocations    | 1 2 |  2.2
Dodging        | |  1.7
Stealth        | |  1.7

Action                   |  1- 3 |  4- 6 || total
-------------------------+-------+-------++-------
Melee: Unarmed           |     8 |       ||     8
       Tailslap          |     5 |     5 ||    10
       Short sword       |    30 |    53 ||    83
       Whip              |       |    30 ||    30
Throw: Stone             |    12 |       ||    12
 Cast: Shock             |    69 |    83 ||   152
       Airstrike         |       |     1 ||     1
  Use: Scroll            |     1 |    12 ||    13
 Stab: Sleeping          |     4 |     4 ||     8
  Eat: Chunk             |     5 |     9 ||    14
Armor: Skin              |    41 |    59 ||   100
Dodge: Dodged            |   101 |    94 ||   195
